 Dungeon Crawl Stone Soup version 0.30-a0-159-g068b764562 (webtiles) character file.

Game seed: 13655717886357691238

26023 qw the Cleaver (level 13, -5/82 HPs)
             Began as a Gargoyle Fighter on Sept 27, 2022.
             Was an Elder of Okawaru.
             Shot with an arrow by Nessos (6 damage)
             ... on level 4 of the Lair of Beasts.
             The game lasted 00:05:20 (16086 turns).

qw the Cleaver (Gargoyle Fighter)                  Turns: 16086, Time: 00:05:20

Health: -5/82      AC: 38    Str: 23    XL:     13   Next: 23%
Magic:  14/20      EV:  9    Int: 11    God:    Okawaru [****..]
Gold:   792        SH:  6    Dex:  9    Spells: 12/12 levels left

rFire   . . .      SeeInvis .    e - +3 war axe (spect)
rCold   . . .      Faith    .    c - +0 buckler
rNeg    + . .      Spirit   .    p - +0 plate armour
rPois   inf        Reflect  .    (no helmet)
rElec   +          Harm     .    j - +1 cloak
rCorr   .          Rampage  .    x - +0 pair of gloves
Will    .....                    l - +2 pair of boots
Stlth   ..........               (no amulet)
HPRegen 0.23/turn                n - +4 ring of slaying {mikee}
MPRegen 0.17/turn                s - +4 ring of protection

@: about to teleport, heroic, finesse-ful
A: sickness immunity, AC +9, negative energy resistance 1, electricity
resistance, torment resistance 1, petrification resistance
a: Renounce Religion, Heroism, Finesse


You were on level 4 of the Lair of Beasts.
You worshipped Okawaru.
Okawaru was greatly pleased with you.
You visited 3 branches of the dungeon, and saw 16 of its levels.

You collected 1024 gold pieces.
You spent 232 gold pieces at shops.


Innate Abilities, Weirdness & Mutations

You are immune to sickness and miasma.
Your stone body is resilient. (AC +9)
You are immune to poison.
You resist negative energy. (rN+)
You are resistant to electric shocks. (rElec)
You are resistant to unholy torment.
You are immune to petrification.


   Skills:
 - Level 10.0(15.0) Fighting
 - Level 13.0(18.0) Axes
 + Level 4.7(9.7) Throwing
 - Level 10.0(15.0) Armour
 - Level 3.0(8.0) Dodging
 - Level 6.0(11.0) Shields
 - Level 10.0 Invocations


You had 12 spell levels left.
You didn't know any spells.
Your spell library was empty.

Inventory:

Hand Weapons
 e - a +3 spectral war axe (weapon)
 u - a +4 hand axe of flaming
Missiles
 q - 7 javelins (quivered)
 y - 2 silver javelins
Armour
 c - a +0 buckler (worn)
 j - a +1 cloak (worn)
 l - a +2 pair of boots (worn)
 p - a +0 plate armour (worn)
 x - a +0 pair of gloves (worn)
Jewellery
 n - a +4 ring of slaying (left hand) {mikee}
 s - a +4 ring of protection (right hand)
 t - a ring of protection from cold
Scrolls
 g - 5 scrolls of identify
 o - 5 scrolls of teleportation
 r - 2 scrolls of brand weapon
Potions
 a - a potion of lignification
 b - 6 potions of curing
 d - 5 potions of might
 f - a potion of attraction
 h - 2 potions of mutation
 i - 2 potions of haste
 k - 2 potions of heal wounds
 m - 2 potions of resistance

Dungeon Overview and Level Annotations

Branches:
Dungeon (11/15)            Temple (1/1) D:6            Lair (4/5) D:11
 Shoals (0/4) Lair:3        Snake (0/4) Lair:2          Orc (0/2) D:11
  Slime: Lair:4-5

Altars:
Ashenzari
Cheibriados
Dithmenos
Elyvilon
Fedhas
Gozag
Hepliaklqana
Kikubaaqudgha
Makhleb
Nemelex Xobeh
Okawaru
Qazlal
Ru
Sif Muna
Trog
Uskayaw
Vehumet
Wu Jian
Xom
Yredelemnul
Zin
The Shining One

Shops:
D:11 ?

Annotations:
D:3 1 runed translucent door, qw's ghost, weakling GrFi
D:4 2 runed translucent doors, qw's ghost, amateur GrFi
Lair:4 2 transporters, Nessos


Message History

Nessos casts a spell.
Nessos blinks!
Nessos mumbles some strange words.
Nessos seems to speed up.
Nessos shoots an arrow.
The arrow hits you! The arrow burns you.
Nessos shoots an arrow.
The arrow hits you but does no damage.
16077 ||| INVOKING Heroism.
You gain the combat prowess of a mighty hero.
Nessos shoots an arrow.
You block the arrow.
Nessos unwields a +3 longbow of flaming.
It stops flaming.
Nessos hits you but does no damage. Nessos closely misses you.
You block Nessos's attack. Nessos kicks you but does no damage.
You barely miss Nessos.
Your +3 spectral war axe hits Nessos but does no damage.
Nessos hits you but does no damage. Nessos kicks you but does no damage.
You barely miss Nessos.
Your +3 spectral war axe hits Nessos!!
Nessos hits you but does no damage. Nessos kicks you but does no damage.
You barely miss Nessos.
Nessos is moderately wounded.
Your +3 spectral war axe hits Nessos!
You hit Nessos but do no damage.
Nessos is heavily wounded.
Your +3 spectral war axe hits Nessos.
Nessos mumbles some strange words.
Nessos blinks!
Nessos wields a +3 longbow of flaming.
It bursts into flame!
Nessos shoots an arrow.
The arrow hits you. The arrow burns you.
Nessos shoots an arrow.
The arrow hits you but does no damage.
Nessos stands on their hind legs for a moment.
Nessos shoots an arrow.
The arrow hits you! The arrow burns you.
Nessos shoots an arrow.
The arrow hits you!! The arrow burns you!
Nessos mumbles some strange words.
Nessos blinks!
16086 ||| READING 6 scrolls of teleportation.
As you read the scroll of teleportation, it crumbles to dust.
You feel strangely unstable.
Nessos pounds the earth with their hooves.
Nessos shoots an arrow.
The arrow hits you.
You die...

.....###### ### ..../###
########.##
.....#.#####.#.#.....###
..<..<....#..........#.## ###
...)....................###PP...
.................................
..#.........c......(.............
..#................ยค.............
................@................
.................................
.........[........##.............
..........###....####............
..........# ##..## ####.........
..........# #.. ...4##........
.........# #.. #..##..#........
.........# #.. ### .##........
#........# #. ##....###..


You could see Nessos (fast).

Vanquished Creatures
  A hydra (Lair:4)
  A boulder beetle (Lair:2)
  A two-headed ogre (D:11)
  Urug (Lair:4)
  Nergalle (Lair:3)
  Amaemon (D:8)
  3 skeletal warriors (D:11)
  Pikel (D:9)
  A cyclops (D:11)
  A merfolk siren (Lair:3)
  3 black mambas
  An orange demon (D:8)
  A gargoyle (D:11)
  4 cane toads
  An unseen horror (D:11)
  Psyche (D:8)
  10 komodo dragons
  A rime drake (Lair:3)
  3 trolls
  A hornet (D:8)
  Grinder (D:5)
  A polar bear (Lair:3)
  6 dream sheep (Lair:4)
  Prince Ribbit (D:7)
  A wraith (D:10)
  28 yaks
  A basilisk (Lair:3)
  6 vampire mosquitoes (D:10)
  A steam dragon (D:8)
  2 wargs (D:11)
  An acid dragon (D:10)
  3 nagas (Lair:2)
  3 water moccasins
  A sky beast (D:7)
  2 black bears (Lair:3)
  4 orc warriors
  2 ogres
  10 wolves
  8 centaurs
  A lemure (D:9)
  2 kobold brigands
  7 bullfrogs
  2 scorpions
  17 wights
  6 howler monkeys
  4 jellies
  A gnoll bouda (D:7)
  3 hounds
  6 orc priests
  4 iguanas
  16 orc wizards
  7 gnolls
  6 adders
  A white imp (D:6)
  2 ufetubi (D:7)
  A dart slug (D:1)
  66 orcs
  5 ball pythons
  8 endoplasms
  4 giant cockroaches
  8 goblins
  11 hobgoblins
  A jackal (D:4)
  6 quokkas
  4 bats
  6 frilled lizards
  15 kobolds
  11 rats
351 creatures vanquished.

Vanquished Creatures (others)
  4 fungi
  8 plants
12 creatures vanquished.

Grand Total: 363 creatures vanquished

Notes
Turn   | Place    | Note
-------+----------+-------------------------------------------
     0 | D:1      | qw the Gargoyle Fighter began the quest for the Orb.
     0 | D:1      | Reached XP level 1. HP: 14/14 MP: 1/1
     0 | D:1      | 0 ||| qw: Version: 0.2-a-10-g37ed214
     0 | D:1      | 0 ||| qw: Game counter: 562
     0 | D:1      | 0 ||| qw: Always use a shield: true
     0 | D:1      | 0 ||| qw: God list: Okawaru
     0 | D:1      | 0 ||| qw: Allow faded altars: false
     0 | D:1      | 0 ||| qw: Do Orc after D:15 true
     0 | D:1      | 0 ||| qw: Do second Lair branch before Depths: true
     0 | D:1      | 0 ||| qw: Lair rune preference: random
     0 | D:1      | 0 ||| qw: Plans: Normal, Zot:1-4, God:TSO, Crypt, Tomb,
                  | Pan, Slime:5, Hells, Abyss, Orb
     0 | D:1      | 0 ||| PLANNING D:1-11
    27 | D:1      | Reached skill level 2 in Axes
   222 | D:1      | Found a faded altar of an unknown god.
   227 | D:1      | Reached XP level 2. HP: 19/19 MP: 2/2
   235 | D:1      | 235 ||| Stepping ~*~*~tactically~*~*~ (stealth).
   480 | D:1      | 480 ||| DROPPING +2 vorpal hand axe.
   666 | D:1      | Reached skill level 3 in Axes
   666 | D:1      | 666 ||| Stepping ~*~*~tactically~*~*~ (stealth).
   667 | D:1      | 667 ||| Stepping ~*~*~tactically~*~*~ (stealth).
   669 | D:1      | 669 ||| Stepping ~*~*~tactically~*~*~ (stealth).
   710 | D:1      | Reached XP level 3. HP: 19/23 MP: 3/3
   901 | D:1      | 901 ||| Stepping ~*~*~tactically~*~*~ (hiding).
  1203 | D:1      | 1203 ||| UPGRADING to +4 ring of slaying {mikee}.
  1204 | D:1      | 1204 ||| READING scroll labelled FISMAR UFAYTZ.
  1249 | D:1      | 1249 ||| READING scroll labelled LOKIXEY OGEUR.
  1250 | D:1      | 1250 ||| READING scroll labelled JUMPEI YSEIKHLIMURR.
  1251 | D:1      | 1251 ||| READING scroll labelled YJOFAR HAAGAK.
  1395 | D:2      | 1395 ||| Stepping ~*~*~tactically~*~*~ (stealth).
  1444 | D:2      | 1444 ||| DROPPING +0 club.
  1666 | D:2      | 1666 ||| Stepping ~*~*~tactically~*~*~ (stealth).
  1667 | D:2      | 1667 ||| Stepping ~*~*~tactically~*~*~ (stealth).
  1706 | D:2      | Reached XP level 4. HP: 26/28 MP: 4/4
  1875 | D:2      | Reached skill level 4 in Axes
  2065 | D:2      | 2065 ||| Stepping ~*~*~tactically~*~*~ (hiding).
  2066 | D:2      | 2066 ||| Stepping ~*~*~tactically~*~*~ (hiding).
  2088 | D:2      | 2088 ||| FLEEEEING.
  2244 | D:2      | 2244 ||| Stepping ~*~*~tactically~*~*~ (stealth).
  2248 | D:2      | Reached XP level 5. HP: 26/32 MP: 5/5
  2264 | D:2      | 2264 ||| FLEEEEING.
  2265 | D:2      | 2265 ||| FLEEEEING.
  2267 | D:2      | 2267 ||| FLEEEEING.
  2268 | D:2      | 2268 ||| FLEEEEING.
  2269 | D:2      | 2269 ||| FLEEEEING.
  2270 | D:2      | 2270 ||| FLEEEEING.
  2271 | D:2      | 2271 ||| FLEEEEING.
  2272 | D:2      | 2272 ||| FLEEEEING.
  2303 | D:2      | 2303 ||| DROPPING +0 mace.
  2333 | D:2      | 2333 ||| Stepping ~*~*~tactically~*~*~ (stealth).
  2406 | D:2      | 2406 ||| Stepping ~*~*~tactically~*~*~ (stealth).
  2580 | D:2      | 2580 ||| UPGRADING to +0 pair of boots.
  2585 | D:2      | 2585 ||| READING scroll labelled AGAXTA SIGRASM.
  2586 | D:2      | 2586 ||| READING 2 scrolls labelled EWES PYDA DAE.
  2587 | D:2      | 2587 ||| DRINKING 3 fizzy red potions.
  2692 | D:2      | 2692 ||| DRINKING 2 metallic ruby potions.
  2693 | D:2      | 2693 ||| READING 2 scrolls of identify.
  2693 | D:2      | 2693 ||| IDENTIFYING black potion
  2694 | D:2      | 2694 ||| DROPPING 2 potions of berserk rage.
  2695 | D:2      | 2695 ||| DROPPING scroll of noise.
  2838 | D:3      | Found a runed translucent door.
  2838 | D:3      | Noticed qw's ghost (weakling GrFi)
  3091 | D:3      | 3091 ||| Stepping ~*~*~tactically~*~*~ (stealth).
  3107 | D:3      | 3107 ||| FLEEEEING.
  3108 | D:3      | 3108 ||| FLEEEEING.
  3109 | D:3      | 3109 ||| FLEEEEING.
  3110 | D:3      | 3110 ||| FLEEEEING.
  3111 | D:3      | 3111 ||| FLEEEEING.
  3113 | D:3      | 3113 ||| FLEEEEING.
  3114 | D:3      | 3114 ||| FLEEEEING.
  3115 | D:3      | 3115 ||| FLEEEEING.
  3116 | D:3      | 3116 ||| FLEEEEING.
  3117 | D:3      | 3117 ||| FLEEEEING.
  3118 | D:3      | 3118 ||| FLEEEEING.
  3119 | D:3      | 3119 ||| FLEEEEING.
  3120 | D:3      | 3120 ||| FLEEEEING.
  3121 | D:3      | 3121 ||| FLEEEEING.
  3122 | D:3      | 3122 ||| FLEEEEING.
  3123 | D:3      | 3123 ||| FLEEEEING.
  3124 | D:3      | 3124 ||| FLEEEEING.
  3125 | D:3      | 3125 ||| FLEEEEING.
  3126 | D:3      | 3126 ||| FLEEEEING.
  3127 | D:3      | 3127 ||| FLEEEEING.
  3128 | D:3      | 3128 ||| FLEEEEING.
  3129 | D:3      | 3129 ||| FLEEEEING.
  3130 | D:3      | 3130 ||| FLEEEEING.
  3131 | D:3      | 3131 ||| FLEEEEING.
  3132 | D:3      | 3132 ||| FLEEEEING.
  3254 | D:3      | 3254 ||| DROPPING +0 flail.
  3471 | D:3      | 3471 ||| DRINKING 2 green potions.
  3472 | D:3      | 3472 ||| READING 2 scrolls of identify.
  3472 | D:3      | 3472 ||| IDENTIFYING sapphire potion
  3473 | D:3      | 3473 ||| DROPPING potion of flight.
  3474 | D:3      | 3474 ||| DROPPING potion of brilliance.
  3515 | D:4      | 3515 ||| Stepping ~*~*~tactically~*~*~ (hiding).
  3565 | D:4      | Noticed an ogre
  3571 | D:4      | Killed an ogre
  3572 | D:4      | Reached skill level 5 in Axes
  3572 | D:4      | Reached XP level 6. HP: 37/37 MP: 6/6
  3600 | D:4      | 3600 ||| Stepping ~*~*~tactically~*~*~ (stealth).
  3601 | D:4      | 3601 ||| Stepping ~*~*~tactically~*~*~ (stealth).
  3700 | D:4      | Found a runed translucent door.
  3794 | D:4      | Found an opulent altar of Gozag.
  3816 | D:4      | Found a runed translucent door.
  3821 | D:4      | Noticed qw's ghost (amateur GrFi)
  3936 | D:4      | 3936 ||| Stepping ~*~*~tactically~*~*~ (stealth).
  3943 | D:4      | Reached skill level 1 in Dodging
  4142 | D:4      | 4142 ||| UPGRADING to +0 plate armour.
  4152 | D:4      | 4152 ||| DROPPING +0 scale mail.
  4153 | D:4      | 4153 ||| UPGRADING to +6 ring of dexterity.
  4154 | D:4      | 4154 ||| READING 2 scrolls labelled TUEGUO FUMICWE.
  4155 | D:4      | 4155 ||| READING scroll labelled RACASAMIODGH.
  4160 | D:4      | 4160 ||| READING 2 scrolls of identify.
  4160 | D:4      | 4160 ||| IDENTIFYING smoky orange potion
  4161 | D:4      | 4161 ||| DROPPING potion of ambrosia.
  4162 | D:4      | 4162 ||| DROPPING scroll of blinking.
  4174 | D:5      | Entered Level 5 of the Dungeon
  4183 | D:5      | Reached skill level 6 in Axes
  4183 | D:5      | Reached XP level 7. HP: 43/43 MP: 7/7
  4293 | D:5      | 4293 ||| Stepping ~*~*~tactically~*~*~ (stealth).
  4492 | D:5      | 4492 ||| Stepping ~*~*~tactically~*~*~ (hiding).
  4494 | D:5      | 4494 ||| Stepping ~*~*~tactically~*~*~ (stealth).
  4542 | D:5      | 4542 ||| Stepping ~*~*~tactically~*~*~ (stealth).
  4602 | D:5      | Noticed Grinder
  4614 | D:5      | Killed Grinder
  4615 | D:5      | Reached skill level 7 in Axes
  4665 | D:5      | Reached XP level 8. HP: 43/48 MP: 8/8
  5045 | D:5      | 5045 ||| READING scroll labelled MEMNOLL DEENN.
  5046 | D:5      | 5046 ||| DRINKING 2 bubbling cyan potions.
  5047 | D:5      | 5047 ||| DROPPING potion of invisibility.
  5075 | D:5      | 5075 ||| STAIRDANCE
  5747 | D:6      | Found a staircase to the Ecumenical Temple.
  5748 | D:6      | 5748 ||| PLANNING TEMPLE
  5748 | D:6      | 5748 ||| DROPPING ring of flight.
  5749 | D:6      | 5749 ||| READING scroll labelled JOQEHIA WUCOTUJEMP.
  5750 | D:6      | 5750 ||| READING 2 scrolls of identify.
  5750 | D:6      | 5750 ||| IDENTIFYING golden potion
  6002 | Temple   | Entered the Ecumenical Temple
  6026 | Temple   | 6026 ||| PLANNING OKAWARU WORSHIP
  6206 | Temple   | Became a worshipper of Warmaster Okawaru
  6207 | Temple   | 6207 ||| PLANNING D:1-11
  6310 | D:7      | 6310 ||| Stepping ~*~*~tactically~*~*~ (stealth).
  6333 | D:7      | 6333 ||| Stepping ~*~*~tactically~*~*~ (stealth).
  6349 | D:7      | 6349 ||| Stepping ~*~*~tactically~*~*~ (hiding).
  6355 | D:7      | Reached skill level 8 in Axes
  6358 | D:7      | 6358 ||| FLEEEEING.
  6359 | D:7      | 6359 ||| FLEEEEING.
  6360 | D:7      | 6360 ||| FLEEEEING.
  6361 | D:7      | 6361 ||| FLEEEEING.
  6362 | D:7      | 6362 ||| FLEEEEING.
  6363 | D:7      | 6363 ||| FLEEEEING.
  6364 | D:7      | 6364 ||| FLEEEEING.
  6365 | D:7      | 6365 ||| FLEEEEING.
  6376 | D:7      | 6376 ||| FLEEEEING.
  6449 | D:7      | Reached skill level 6 in Fighting
  6537 | D:7      | Noticed Prince Ribbit
  6547 | D:7      | Killed Prince Ribbit
  6547 | D:7      | Reached * piety under Okawaru
  6887 | D:7      | 6887 ||| INVOKING Heroism.
  7071 | D:7      | 7071 ||| READING scroll of enchant weapon.
  7071 | D:7      | 7071 ||| ENCHANTING +1 spectral war axe.
  7129 | D:7      | Found a snail-covered altar of Cheibriados.
  7129 | D:7      | Found a glowing golden altar of the Shining One.
  7643 | D:7      | 7643 ||| UPGRADING to +0 cloak.
  7648 | D:7      | 7648 ||| READING scroll labelled TOODAXZ NORO.
  7649 | D:7      | 7649 ||| DRINKING 2 inky potions.
  7650 | D:7      | 7650 ||| READING 2 scrolls of identify.
  7650 | D:7      | 7650 ||| IDENTIFYING bubbling purple potion
  7669 | D:8      | Noticed an orange demon
  7670 | D:8      | 7670 ||| Stepping randomly (cloudy).
  7670 | D:8      | Noticed Amaemon
  7675 | D:8      | Reached XP level 9. HP: 47/55 MP: 9/9
  7675 | D:8      | 7675 ||| INVOKING Heroism.
  7683 | D:8      | Killed an orange demon
  7684 | D:8      | Reached skill level 9 in Axes
  7687 | D:8      | Reached skill level 3 in Invocations
  7692 | D:8      | 7692 ||| INVOKING Heroism.
  7699 | D:8      | Killed Amaemon
  7700 | D:8      | Reached skill level 3 in Dodging
  7704 | D:8      | Reached ** piety under Okawaru
  7711 | D:8      | Reached skill level 6 in Armour
  7901 | D:8      | 7901 ||| DROPPING +2 flail of protection.
  7951 | D:8      | 7951 ||| INVOKING Heroism.
  8016 | D:8      | Reached XP level 10. HP: 61/61 MP: 13/13
  8075 | D:8      | Noticed Psyche
  8076 | D:8      | 8076 ||| INVOKING Heroism.
  8089 | D:8      | Killed Psyche
  8252 | D:8      | 8252 ||| Stepping ~*~*~tactically~*~*~ (hiding).
  8255 | D:8      | 8255 ||| INVOKING Heroism.
  8293 | D:8      | 8293 ||| INVOKING Heroism.
  8307 | D:8      | Reached skill level 10 in Axes
  8407 | D:8      | 8407 ||| Stepping ~*~*~tactically~*~*~ (hiding).
  8417 | D:8      | Reached *** piety under Okawaru
  8458 | D:8      | 8458 ||| INVOKING Heroism.
  8672 | D:8      | 8672 ||| Stepping ~*~*~tactically~*~*~ (hiding).
  9004 | D:8      | 9004 ||| UPGRADING to +4 ring of protection.
  9006 | D:8      | 9006 ||| DROPPING +6 ring of dexterity.
  9007 | D:8      | 9007 ||| READING 3 scrolls labelled ICKUZXO KEYM.
  9008 | D:8      | 9008 ||| READING 2 scrolls of identify.
  9008 | D:8      | 9008 ||| IDENTIFYING emerald potion
  9009 | D:8      | 9009 ||| DROPPING 2 scrolls of magic mapping.
  9115 | D:9      | 9115 ||| READING scroll of enchant weapon.
  9115 | D:9      | 9115 ||| ENCHANTING +2 spectral war axe.
  9130 | D:9      | 9130 ||| Stepping ~*~*~tactically~*~*~ (hiding).
  9306 | D:9      | 9306 ||| Stepping ~*~*~tactically~*~*~ (hiding).
  9373 | D:9      | Noticed Pikel
  9375 | D:9      | 9375 ||| INVOKING Heroism.
  9376 | D:9      | 9376 ||| Stepping ~*~*~tactically~*~*~ (stealth).
  9381 | D:9      | Killed Pikel
  9398 | D:9      | 9398 ||| Stepping ~*~*~tactically~*~*~ (stealth).
  9399 | D:9      | 9399 ||| Stepping ~*~*~tactically~*~*~ (stealth).
  9400 | D:9      | 9400 ||| Stepping ~*~*~tactically~*~*~ (stealth).
  9402 | D:9      | 9402 ||| Stepping ~*~*~tactically~*~*~ (hiding).
  9411 | D:9      | Reached **** piety under Okawaru
  9585 | D:9      | 9585 ||| Stepping ~*~*~tactically~*~*~ (stealth).
  9587 | D:9      | 9587 ||| Stepping ~*~*~tactically~*~*~ (hiding).
  9589 | D:9      | 9589 ||| Stepping ~*~*~tactically~*~*~ (hiding).
  9591 | D:9      | 9591 ||| Stepping ~*~*~tactically~*~*~ (hiding).
  9861 | D:9      | 9861 ||| Stepping ~*~*~tactically~*~*~ (stealth).
  9872 | D:9      | 9872 ||| FLEEEEING.
  9953 | D:9      | 9953 ||| INVOKING Heroism.
  9961 | D:9      | Reached skill level 6 in Invocations
  9961 | D:9      | Reached XP level 11. HP: 68/68 MP: 13/15
 10060 | D:9      | 10060 ||| READING 2 scrolls of identify.
 10060 | D:9      | 10060 ||| IDENTIFYING sedimented amethyst potion
 10081 | D:10     | Entered Level 10 of the Dungeon
 10082 | D:10     | 10082 ||| INVOKING Heroism.
 10083 | D:10     | 10083 ||| STAIRDANCE
 10099 | D:10     | 10099 ||| STAIRDANCE
 10197 | D:10     | 10197 ||| Stepping ~*~*~tactically~*~*~ (stealth).
 10202 | D:10     | 10202 ||| INVOKING Heroism.
 10397 | D:10     | Reached ***** piety under Okawaru
 10449 | D:10     | 10449 ||| Stepping ~*~*~tactically~*~*~ (stealth).
 10454 | D:10     | 10454 ||| INVOKING Heroism.
 10549 | D:10     | 10549 ||| Stepping ~*~*~tactically~*~*~ (stealth).
 10551 | D:10     | 10551 ||| Stepping ~*~*~tactically~*~*~ (hiding).
 10567 | D:10     | 10567 ||| INVOKING Heroism.
 10569 | D:10     | Reached skill level 11 in Axes
 10681 | D:10     | 10681 ||| Stepping ~*~*~tactically~*~*~ (stealth).
 11245 | D:10     | 11245 ||| DROPPING +4 ring of evasion.
 11266 | D:11     | Identified the +7 battleaxe of the Middle {vorpal, *Rage
                  | Str+5 Dex+2 SInv}
 11280 | D:11     | 11280 ||| Stepping ~*~*~tactically~*~*~ (stealth).
 11283 | D:11     | 11283 ||| Stepping ~*~*~tactically~*~*~ (stealth).
 11292 | D:11     | 11292 ||| Stepping ~*~*~tactically~*~*~ (stealth).
 11293 | D:11     | 11293 ||| Stepping ~*~*~tactically~*~*~ (stealth).
 11294 | D:11     | 11294 ||| Stepping ~*~*~tactically~*~*~ (stealth).
 11295 | D:11     | 11295 ||| Stepping ~*~*~tactically~*~*~ (stealth).
 11295 | D:11     | Noticed a skeletal warrior
 11296 | D:11     | 11296 ||| INVOKING Heroism.
 11303 | D:11     | Killed a skeletal warrior
 11424 | D:11     | Noticed a skeletal warrior
 11425 | D:11     | 11425 ||| INVOKING Heroism.
 11436 | D:11     | Killed a skeletal warrior
 11437 | D:11     | Reached skill level 9 in Fighting
 11440 | D:11     | Noticed a skeletal warrior
 11456 | D:11     | Killed a skeletal warrior
 11500 | D:11     | 11500 ||| Stepping ~*~*~tactically~*~*~ (stealth).
 11504 | D:11     | 11504 ||| Stepping ~*~*~tactically~*~*~ (hiding).
 11516 | D:11     | Reached skill level 9 in Invocations
 11556 | D:11     | 11556 ||| INVOKING Heroism.
 11556 | D:11     | Noticed a cyclops
 11571 | D:11     | Killed a cyclops
 11573 | D:11     | Identified the +2 ring mail "Abeef" {Rampage rF+} (Okawaru
                  | gifted it to you on level 11 of the Dungeon)
 11573 | D:11     | Received a gift from Okawaru
 11591 | D:11     | 11591 ||| Stepping ~*~*~tactically~*~*~ (stealth).
 11602 | D:11     | 11602 ||| FLEEEEING.
 11603 | D:11     | 11603 ||| FLEEEEING.
 11614 | D:11     | 11614 ||| FLEEEEING.
 11615 | D:11     | 11615 ||| FLEEEEING.
 11617 | D:11     | 11617 ||| FLEEEEING.
 11625 | D:11     | 11625 ||| STAIRDANCE
 11810 | D:11     | 11810 ||| Stepping ~*~*~tactically~*~*~ (stealth).
 11812 | D:11     | 11812 ||| Stepping ~*~*~tactically~*~*~ (stealth).
 11843 | D:11     | 11843 ||| Stepping ~*~*~tactically~*~*~ (stealth).
 11845 | D:11     | 11845 ||| Stepping ~*~*~tactically~*~*~ (hiding).
 11956 | D:11     | 11956 ||| Stepping ~*~*~tactically~*~*~ (stealth).
 11964 | D:11     | 11964 ||| INVOKING Heroism.
 11974 | D:11     | 11974 ||| Stepping ~*~*~tactically~*~*~ (stealth).
 11977 | D:11     | 11977 ||| Stepping ~*~*~tactically~*~*~ (stealth).
 11986 | D:11     | 11986 ||| Stepping ~*~*~tactically~*~*~ (stealth).
 11987 | D:11     | 11987 ||| Stepping ~*~*~tactically~*~*~ (stealth).
 11988 | D:11     | 11988 ||| Stepping ~*~*~tactically~*~*~ (stealth).
 11995 | D:11     | Reached skill level 1 in Throwing
 12057 | D:11     | 12057 ||| Stepping ~*~*~tactically~*~*~ (hiding).
 12173 | D:11     | Found a staircase to the Lair.
 12199 | D:11     | 12199 ||| Stepping ~*~*~tactically~*~*~ (hiding).
 12202 | D:11     | 12202 ||| INVOKING Heroism.
 12203 | D:11     | Found a staircase to the Orcish Mines.
 12205 | D:11     | 12205 ||| Stepping ~*~*~tactically~*~*~ (hiding).
 12243 | D:11     | 12243 ||| Stepping ~*~*~tactically~*~*~ (stealth).
 12244 | D:11     | 12244 ||| Stepping ~*~*~tactically~*~*~ (stealth).
 12245 | D:11     | 12245 ||| Stepping ~*~*~tactically~*~*~ (stealth).
 12246 | D:11     | 12246 ||| Stepping ~*~*~tactically~*~*~ (stealth).
 12315 | D:11     | 12315 ||| Stepping ~*~*~tactically~*~*~ (stealth).
 12319 | D:11     | 12319 ||| Stepping ~*~*~tactically~*~*~ (hiding).
 12337 | D:11     | 12337 ||| Stepping ~*~*~tactically~*~*~ (stealth).
 12340 | D:11     | 12340 ||| Stepping ~*~*~tactically~*~*~ (stealth).
 12386 | D:11     | Noticed a two-headed ogre
 12387 | D:11     | 12387 ||| INVOKING Heroism.
 12391 | D:11     | Killed a two-headed ogre
 12392 | D:11     | Reached XP level 12. HP: 72/76 MP: 16/19
 12471 | D:11     | 12471 ||| Stepping randomly (disturbance).
 12568 | D:11     | Found Asehidgh's Magic Scroll Shop.
 12577 | D:11     | 12577 ||| BUYING scroll of enchant armour (120 gold).
 12577 | D:11     | Bought a scroll of enchant armour for 120 gold pieces
 12577 | D:11     | 12577 ||| BUYING scroll of identify (32 gold).
 12577 | D:11     | Bought a scroll of identify for 32 gold pieces
 12577 | D:11     | 12577 ||| BUYING scroll of identify (32 gold).
 12577 | D:11     | Bought a scroll of identify for 32 gold pieces
 12577 | D:11     | 12577 ||| BUYING scroll of teleportation (48 gold).
 12577 | D:11     | Bought a scroll of teleportation for 48 gold pieces
 12577 | D:11     | 12577 ||| READING 2 scrolls of enchant armour.
 12577 | D:11     | 12577 ||| ENCHANTING +0 pair of boots.
 12578 | D:11     | 12578 ||| READING scroll of enchant armour.
 12578 | D:11     | 12578 ||| ENCHANTING +1 pair of boots.
 12812 | D:11     | 12812 ||| PLANNING LAIR
 12812 | D:11     | 12812 ||| READING 3 scrolls of identify.
 12812 | D:11     | 12812 ||| IDENTIFYING metallic golden potion
 12813 | D:11     | 12813 ||| DROPPING potion of degeneration.
 12858 | Lair:1   | Entered Level 1 of the Lair of Beasts
 12867 | Lair:1   | 12867 ||| Stepping ~*~*~tactically~*~*~ (stealth).
 12870 | Lair:1   | 12870 ||| Stepping ~*~*~tactically~*~*~ (stealth).
 12873 | Lair:1   | 12873 ||| INVOKING Heroism.
 12952 | Lair:1   | 12952 ||| INVOKING Heroism.
 12999 | Lair:1   | Reached skill level 12 in Axes
 13018 | Lair:1   | 13018 ||| READING scroll of enchant armour.
 13018 | Lair:1   | 13018 ||| ENCHANTING +0 cloak.
 13030 | Lair:1   | 13030 ||| INVOKING Heroism.
 13180 | Lair:1   | Reached skill level 6 in Shields
 13224 | Lair:1   | 13224 ||| INVOKING Heroism.
 13684 | Lair:2   | Found a staircase to the Snake Pit.
 14047 | Lair:2   | Noticed a boulder beetle
 14048 | Lair:2   | 14048 ||| INVOKING Heroism.
 14049 | Lair:2   | 14049 ||| INVOKING Finesse.
 14057 | Lair:2   | Killed a boulder beetle
 14058 | Lair:2   | Reached skill level 9 in Armour
 14161 | Lair:2   | 14161 ||| Stepping ~*~*~tactically~*~*~ (cloud).
 14162 | Lair:2   | 14162 ||| Stepping ~*~*~tactically~*~*~ (cloud).
 14260 | Lair:2   | 14260 ||| READING 6 scrolls of teleportation.
 14545 | Lair:3   | 14545 ||| INVOKING Heroism.
 14547 | Lair:3   | 14547 ||| STAIRDANCE
 14565 | Lair:3   | Found a staircase to the Shoals.
 14693 | Lair:3   | 14693 ||| Stepping ~*~*~tactically~*~*~ (stealth).
 14694 | Lair:3   | Noticed Nergalle
 14695 | Lair:3   | 14695 ||| INVOKING Heroism.
 14710 | Lair:3   | Killed Nergalle
 14711 | Lair:3   | Reached skill level 3 in Throwing
 14820 | Lair:3   | 14820 ||| Stepping ~*~*~tactically~*~*~ (stealth).
 14822 | Lair:3   | 14822 ||| Stepping ~*~*~tactically~*~*~ (stealth).
 14823 | Lair:3   | 14823 ||| INVOKING Heroism.
 14882 | Lair:3   | 14882 ||| INVOKING Heroism.
 14907 | Lair:3   | Received a gift from Okawaru
 14933 | Lair:3   | 14933 ||| INVOKING Heroism.
 15292 | Lair:3   | 15292 ||| INVOKING Heroism.
 15665 | Lair:3   | 15665 ||| DROPPING scarf of invisibility.
 15666 | Lair:3   | 15666 ||| UPGRADING to +0 pair of gloves.
 15724 | Lair:4   | Noticed Urug
 15725 | Lair:4   | 15725 ||| INVOKING Heroism.
 15726 | Lair:4   | 15726 ||| INVOKING Finesse.
 15739 | Lair:4   | Killed Urug
 15740 | Lair:4   | Reached XP level 13. HP: 58/82 MP: 13/20
 15912 | Lair:4   | 15912 ||| INVOKING Heroism.
 15913 | Lair:4   | 15913 ||| INVOKING Finesse.
 15916 | Lair:4   | 15916 ||| SWAPPING to +0 demon whip of venom.
 15920 | Lair:4   | Received a gift from Okawaru
 15921 | Lair:4   | Reached skill level 13 in Axes
 15921 | Lair:4   | 15921 ||| SWAPPING to +3 spectral war axe.
 15966 | Lair:4   | 15966 ||| DROPPING +0 demon whip of venom.
 15977 | Lair:4   | 15977 ||| INVOKING Heroism.
 16027 | Lair:4   | Noticed a tentacled starspawn
 16028 | Lair:4   | 16028 ||| INVOKING Heroism.
 16040 | Lair:4   | Found a transporter.
 16058 | Lair:4   | Found a transporter.
 16073 | Lair:4   | Noticed Nessos
 16074 | Lair:4   | 16074 ||| INVOKING Finesse.
 16077 | Lair:4   | 16077 ||| INVOKING Heroism.
 16085 | Lair:4   | HP: 11/82 [Nessos/arrow (20)]
 16085 | Lair:4   | HP: 1/82 [Nessos/arrow (10)]
 16086 | Lair:4   | 16086 ||| READING 6 scrolls of teleportation.
 16086 | Lair:4   | Shot with an arrow by Nessos

Levels and vault maps discovered:
D:1:      elethiomel_arrival_infinity_welcomes_careful_drivers,
          layout_loops_corners, hellmonk_ecumenical_altar_leap_of_faith
D:2:      layout_basic, serial_bayou, serial_bayou_pond_d, serial_bayou_shore_a,
          serial_bayou_lake_a, serial_bayou_ford_a, st_stairs_9,
          grunt_decor_junction, minmay_close_crescents
D:3:      layout_basic, hellmonk_ghost_happy_afterlife
D:4:      minmay_opposing_rooms, layout_cave_pools,
          nicolae_overflow_hidden_temple, ebering_ghost_sewer_f
D:5:      layout_layer_cave, uniq_grinder
D:6:      layout_cave_pods, temple_pool_b, grunt_ministairs_11
D:7:      layout_basic, nicolae_overflow_two_pavilions, uniq_prince_ribbit1,
          uniq_crazy_yiuf_cottage
D:8:      layout_loops_ring, uniq_psyche, uniq_amaemon
D:9:      layout_stronghold, uniq_pikel
D:10:     layout_basic, kennysheep_generic_room_4
D:11:     layout_loops_ring, erik_lair_orcish_takeover, hiddenorc2_lemuel,
          serial_shops, nicolae_shop_waterfront
Temple:   nicolae_temple_bog_church
Lair:1:   layout_regular_city
Lair:2:   layout_loops_ring, minmay_snake_entry_guardpost_small,
          chequers_serial_rivers_micro_d, lemuel_old_faithful, lemuel_fruit_tree
Lair:3:   layout_regular_city, minmay_shoals_entry_lonely_mermaid,
          beast_lair_carwin_3, uniq_nergalle
Lair:4:   layout_cave_shapes, dpeg_slime_entry_corner,
          gammafunk_ghost_abyssal_escape, uniq_urug, uniq_nessos

Skill      XL: |  1  2  3  4  5  6  7  8  9 10 11 12 13 |
---------------+----------------------------------------+-----
Axes           | 2 3 4 5 6 7 8 9 10 11 12 13 | 13.0
Fighting       | 4 6 8 9 10 | 10.0
Dodging        | 1 3 |  3.0
Armour         | 4 5 6 7 8 9 10 | 10.0
Invocations    | 5 6 9 10 | 10.0
Shields        | 4 5 6 |  6.0
Throwing       | 1 4 |  4.7

Action                   |  1- 3 |  4- 6 |  7- 9 | 10-12 | 13-15 || total
-------------------------+-------+-------+-------+-------+-------++-------
Melee: War axe           |   103 |    84 |   101 |   397 |    26 ||   711
       Unarmed           |       |       |       |     3 |       ||     3
       Demon whip        |       |       |       |       |     2 ||     2
Throw: Boomerang         |       |       |       |    44 |       ||    44
       Javelin           |       |       |       |    13 |    18 ||    31
Invok: Heroism           |       |       |     4 |    28 |     4 ||    36
       Finesse           |       |       |       |     2 |     2 ||     4
  Use: Scroll            |     4 |     7 |     6 |     9 |     1 ||    27
       Potion            |       |     3 |     2 |       |       ||     5
 Stab: Distracted        |       |       |       |     7 |       ||     7
Armor: Scale mail        |    41 |    26 |       |       |       ||    67
       Plate armour      |       |       |    48 |   187 |    13 ||   248
Dodge: Dodged            |    43 |    23 |    29 |    88 |     3 ||   186
Block: Buckler           |    17 |     6 |    20 |    49 |     2 ||    94

Table legend:
 A = Non-vault XP
 B = Vault XP
 C = Vault XP percentage of total XP
 D = Non-vault monster count
 E = Vault monster count
 F = Vault count percentage of total count
                 A         B        C        D         E       F
            +---------+---------+-------+---------+---------+-------
      Total |   28736 |    8441 |  22.7 |     270 |      80 |  22.9
            +---------+---------+-------+---------+---------+-------
        D:1 |      51 |       0 |   0.0 |      30 |       0 |   0.0
        D:2 |      91 |      34 |  27.2 |      18 |       8 |  30.8
        D:3 |      31 |       0 |   0.0 |      15 |       0 |   0.0
        D:4 |     191 |     177 |  48.1 |       9 |      10 |  52.6
        D:5 |     389 |     272 |  41.1 |      10 |       1 |   9.1
        D:6 |     240 |      47 |  16.4 |      11 |       2 |  15.4
        D:7 |     557 |     246 |  30.6 |      13 |       1 |   7.1
        D:8 |    2663 |    1567 |  37.0 |      37 |       3 |   7.5
        D:9 |    2624 |     673 |  20.4 |      28 |       1 |   3.4
       D:10 |    3360 |     177 |   5.0 |      19 |       1 |   5.0
       D:11 |    5450 |     954 |  14.9 |      29 |      41 |  58.6
     Lair:1 |    3144 |       0 |   0.0 |      14 |       0 |   0.0
     Lair:2 |    1342 |     469 |  25.9 |       3 |       3 |  50.0
     Lair:3 |    3860 |    3019 |  43.9 |      16 |       8 |  33.3
     Lair:4 |    4743 |     806 |  14.5 |      18 |       1 |   5.3
            +---------+---------+-------+---------+---------+-------
